 Dungeon Crawl Stone Soup version 0.21-a0-528-gf531e82 (webtiles) character file.

431 tsouns the Skirmisher (level 6, -1/51 HPs)
             Began as a Demonspawn Assassin on Dec 8, 2017.
             Slain by Duvessa
             ... wielding a +0 short sword of venom
              (7 damage)
             ... on level 4 of the Dungeon.
             The game lasted 00:09:48 (4409 turns).

tsouns the Skirmisher (Demonspawn Assassin)         Turns: 4409, Time: 00:09:48

Health: -1/51      AC:  5    Str: 10 (11) XL:     6   Next: 66%
Magic:  0/6        EV: 12    Int: 13 (15) God:
Gold:   271        SH:  0    Dex: 16      Spells: 5/5 levels left

rFire    . . .     SeeInvis .   a - +2 dagger
rCold    + . .     Gourm    .   (no shield)
rNeg     . . .     Faith    .   h - +0 robe {MR+}
rPois    .         Spirit   +   l - +1 hat
rElec    .         Reflect  .   d - +0 cloak
rCorr    .         Harm     .   v - +0 pair of gloves
MR       +....                  (no boots)
Stlth    ++++......             (no amulet)
HPRegen  0.17/turn              c - ring of protection from cold
MPRegen  0.10/turn              (no ring)

@: lethally poisoned (-1 -> -56)
A: thin skeletal structure 1, foul stench 1, magic shield, rot immunity
a: no special abilities


You were on level 4 of the Dungeon.
You were hungry.

You visited 1 branch of the dungeon, and saw 4 of its levels.

You collected 271 gold pieces.

Inventory:

Hand Weapons
 a - a +2 dagger (weapon)
 b - a +0 blowgun
Missiles
 e - 15 poisoned needles
 f - a curare-tipped needle
 w - 8 tomahawks (quivered)
Armour
 d - a +0 cloak (worn)
 h - a +0 robe of magic resistance (worn)
 l - a +1 hat (worn)
 r - a +0 pair of gloves
 v - a +0 pair of gloves (worn)
Jewellery
 c - a ring of protection from cold (left hand)
Wands
 u - a wand of flame (9)
Scrolls
 k - a scroll of enchant armour
 m - a scroll of magic mapping {unknown}
 n - 4 scrolls of identify {unknown}
 p - a scroll of immolation {unknown}
 q - a scroll of remove curse {unknown}
 t - a scroll of amnesia {unknown}
Comestibles
 g - 2 bread rations
 o - 6 fruits
 z - a chunk of flesh


   Skills:
 * Level 5.5 Fighting
 + Level 3.1 Short Blades
 - Level 1.7 Throwing
 - Level 0.8 Dodging
 + Level 5.1 Stealth


You had 5 spell levels left.
You didn't know any spells.

Dungeon Overview and Level Annotations

Branches:
Dungeon (4/15)
 Temple: D:4-7

Altars:

Annotations:
D:4 Duvessa


Innate Abilities, Weirdness & Mutations

You have a somewhat thin skeletal structure. (Dex +2, Stealth)
You may emit foul miasma when damaged in melee.
When hurt, damage is shared between your health and your magic reserves.
You are immune to rotting.


Message History

Duvessa is lightly wounded.
You feel very sick. Duvessa closely misses you.
It was a potion of cancellation.
Your magical effects are unravelling.
You feel magically purged.
You feel a little less agile now.
You are feeling hungry.
You feel sick.
Duvessa hits you with a short sword of venom.
You are more poisoned.
Duvessa hits you with a short sword of venom!
* * * LOW HITPOINT WARNING * * *
You are more poisoned.
You hit Duvessa but do no damage.
Duvessa is lightly wounded.
* * * LOW HITPOINT WARNING * * *
You feel very sick.
Duvessa hits you with a short sword of venom!
You die...

#.....#...........#
#######.###########
#....##.# #.......#
#....##.# #.
##.#.##.# #.
#.#.##.. ##
#.#.)#### . ##@# #
#e# #)# ###########
#)# #.[........
#)######.#########
#..)g§.#.#
######g#.#
#.g§....# #.###÷###


You could see Duvessa (berserk).

Vanquished Creatures
  An orc warrior (D:4)
  Dowan (D:4)
  2 hounds (D:4)
  A gnoll shaman (D:4)
  A hound skeleton (D:4)
  5 gnolls (D:4)
  4 adders
  An ooze (D:3)
  4 worms
  2 dart slugs
  2 leopard geckos (D:4)
  8 orcs
  3 ball pythons
  6 giant cockroaches
  4 goblins
  8 hobgoblins
  10 jackals
  A quokka (D:4)
  6 bats
  A frilled lizard (D:3)
  7 kobolds
  11 rats
89 creatures vanquished.

Notes
Turn   | Place    | Note
-------+----------+-------------------------------------------
     0 | D:1      | tsouns the Demonspawn Assassin began the quest for the Orb.
     0 | D:1      | Reached XP level 1. HP: 16/16 MP: 1/1
   460 | D:1      | Gained mutation: You have a somewhat thin skeletal structure. (Dex +2, Stealth) [demonic ancestry]
   460 | D:1      | Reached XP level 2. HP: 19/23 MP: 2/2
   562 | D:1      | HP: 1/23 [hobgoblin/club (4)]
  1613 | D:2      | Gained mutation: When hurt, damage is shared between your health and your magic reserves. [demonic ancestry]
  1613 | D:2      | Reached XP level 3. HP: 25/29 MP: 3/3
  2302 | D:3      | Gained mutation: You are immune to rotting. [demonic ancestry]
  2302 | D:3      | Reached XP level 4. HP: 17/37 MP: 1/4
  3238 | D:4      | Reached XP level 5. HP: 4/43 MP: 0/5
  3547 | D:4      | Noticed an orc warrior
  3584 | D:4      | Killed an orc warrior
  3839 | D:4      | Gained mutation: You may emit foul miasma when damaged in melee. [demonic ancestry]
  3839 | D:4      | Reached XP level 6. HP: 45/50 MP: 6/6
  4038 | D:4      | Reached skill level 5 in Fighting
  4340 | D:4      | Noticed Dowan
  4370 | D:4      | Killed Dowan
  4370 | D:4      | Reached skill level 5 in Stealth
  4395 | D:4      | Noticed Duvessa
  4409 | D:4      | Slain by Duvessa

Vault maps used:
D:1:      minmay_arrival_hallway, st_stairs_1, minivault_24
D:4:      mumra_celtic_spiral_tile, uniq_duvessa

Skill      XL: |  1  2  3  4  5  6 |
---------------+-------------------+-----
Fighting       | 3 4 5 |  5.5
Stealth        | 4 5 |  5.1
Short Blades   | 2 3 |  3.1
Throwing       | |  1.7
Dodging        | |  0.8

Action                   |  1- 3 |  4- 6 || total
-------------------------+-------+-------++-------
Melee: Dagger            |   175 |   150 ||   325
 Fire: Blowgun           |     1 |    10 ||    11
Throw: Tomahawk          |       |     1 ||     1
Evoke: Wand              |     1 |    22 ||    23
  Use: Potion            |       |     7 ||     7
       Scroll            |       |     1 ||     1
 Stab: Sleeping          |     9 |     7 ||    16
       Distracted        |     1 |       ||     1
  Eat: Chunk             |     4 |     5 ||     9
       Fruit             |     1 |     1 ||     2
Armor: Robe              |    41 |    28 ||    69
Dodge: Dodged            |   122 |    97 ||   219

Table legend:
 A = Spawn XP
 B = Non-spawn XP
 C = Spawn XP percentage of total XP
 D = Spawn monster count
 E = Non-spawn monster count
 F = Spawn count percentage of total count
 G = Total turns spent on level
                    A         B        C        D         E        F      G
               +---------+---------+-------+---------+---------+-------+---------
         Total |       0 |     616 |   0.0 |       0 |      89 |   0.0 |  4409
               +---------+---------+-------+---------+---------+-------+---------
           D:1 |       0 |      25 |   0.0 |       0 |      18 |   0.0 |  1213
           D:2 |       0 |      42 |   0.0 |       0 |      14 |   0.0 |   784
           D:3 |       0 |      93 |   0.0 |       0 |      33 |   0.0 |  1122
           D:4 |       0 |     456 |   0.0 |       0 |      24 |   0.0 |  1290
               +---------+---------+-------+---------+---------+-------+---------
